 Dungeon Sprint DCSS version 0.32-a0-422-g28b100f618 (webtiles) character file.

Game seed: 9923159312567747294

11 shadowstone the Trooper (level 2, -6/25 HPs)
             Began as a Coglin Fighter on Feb 21, 2024.
             Mangled by Menkaure (15 damage)
             ... in the Dungeon (Sprint II: "The Violet Keep of Menkaure").
             The game lasted 00:00:48 (674 turns).

shadowstone the Trooper (Coglin Fighter)             Turns: 674, Time: 00:00:49

Health: -6/25      AC:  6    Str: 16    XL:     2   Next: 29%
Magic:  2/2        EV:  8    Int:  7    God:
Gold:   243        SH:  4    Dex: 13    Spells: 1/1 levels left

rFire   . . .        a - +0 long sword {Ai}
rCold   . . .        c - +0 buckler
rNeg    . . .        b - +0 scale mail
rPois   .            (no helmet)
rElec   .            (no cloak)
rCorr   .            (no gloves)
SInv    .            (no boots)
Will    .....        (no amulet) Stlth
                     (no ring)
HPRegen 0.24/turn    (no ring)
MPRegen 0.08/turn

%: no teleportation
@: immotile, revving
A: off-hand wielding, slow wielding, warmup strikes, legs shutdown
a: no special abilities


You were in the Dungeon.
You visited 1 branch You collected 243 gold pieces.

Inventory:

Hand Weapons
 a - a +0 long sword (weapon) {Ai}
Armour
 b - a +0 scale mail (worn)
 c - a +0 buckler (worn)
Scrolls
 j - a scroll of blinking
Potions
 d - a potion of might
 e - a potion of curing
 f - a potion of heal wounds
 g - a potion of haste
 h - 2 potions of magic
 i - a potion of berserk rage


   Skills:
 + Level 3.7 Fighting
 + Level 2.7 Long Blades
 + Level 3.3 Armour
 + Level 0.1 Dodging
 + Level 2.8 Shields


You had one spell level left.
You didn't know any spells.
Your spell library was empty.

Dungeon Overview and Level Annotations

Branches:
Dungeon (1/1)

Altars:

Annotations:
D exclusion: orange crystal statue, Menkaure


Innate Abilities, Weirdness & Mutations

You can wield a second weapon in your off-hand.
It takes a long time for you to wield or remove held weapons.
Your first few attacks do less damage.
Attacking and casting redirects power from your legs.


Message History

Okay, then.
Unknown command.
Menkaure, Prince of Dust comes into view.
Menkaure shouts!
As you open the gate, it creaks loudly!
An orange crystal statue comes into view.
The orange crystal statue glitters.
Marking area around an orange crystal statue as unsafe for travelling.
The orange crystal statue glitters topaz in the dim dungeon light.
The orange crystal statue fixes its piercing gaze on you.
You feel your power leaking away.
The orange crystal statue is engulfed in mutagenic fog.
Menkaure is engulfed in mutagenic fog.
The orange crystal statue is engulfed in mutagenic fog.
The orange crystal statue glitters.
Menkaure points at you and mumbles some strange words.
You barely resist.
Menkaure gestures wildly while chanting.
Menkaure seems to speed up.
There is an open door here.
There is an open door here.
Menkaure casts a spell at you.
You barely resist.
Menkaure calls on the powers of darkness!
Your body is wracked with pain!
There is a staircase leading out of the dungeon here.
Menkaure hits you.
You hit Menkaure.
Menkaure is lightly damaged.
Menkaure hits you but does no damage.
You barely miss Menkaure.
Menkaure is lightly damaged.
Menkaure hits you but does no damage.
Menkaure calls on the powers of darkness!
Your body is wracked with pain!
You closely miss Menkaure.
Menkaure is lightly damaged.
Menkaure hits you!
Ouch! That really hurt!
You die...

#+++#'§§##
......§§.#
~.##+##..#
##.#### #....#
###..## #+#
#.##..#
##.####.#..#
+.<@M.##'..#
##.##...#§...#
#+###.##§.§...~~
###§§.....~#
~§§~~..~#
~§~~~~~§~#
§§≈≈~~§~§#
~~§§§≈≈§§~#


You could see Menkaure (fast).

Vanquished Creatures
  3 ribbon worms (D)
3 creatures vanquished.

Vanquished Creatures (others)
  A crocodile (D)
1 creature vanquished.

Grand Total: 4 creatures vanquished

Notes
Turn   | Place    | Note
-------+----------+-------------------------------------------
     0 | D        | shadowstone the Coglin Fighter began the quest for the Orb.
     0 | D        | Reached XP level 1. HP: 18/18 MP: 1/1
    19 | D        | Reached XP level 2. HP: 4/24 MP: 2/2
   352 | D        | Killed a crocodile
   650 | D        | Noticed Menkaure
   651 | D        | Noticed an orange crystal statue
   674 | D        | Mangled by Menkaure

Illustrated notes

Levels and vault maps discovered:
D:        the_violet_keep_of_menkaure [sprint2_stairs_cluster_1,
          sprint2_shoproom, sprint2_temple, sprint2_basic_supplies,
          sprint2_obstacle_2, sprint2_obstacle_5, sprint2_obstacle_4,
          sprint2_obstacle_1, sprint2_obstacle_3, sprint2_timed_cluster_1,
          sprint2_smallroom_cluster_1, sprint2_smallroom_final_cluster_1,
          sprint2_transparent_cluster_1, sprint2_second_timed_cluster_1,
          sprint2_sniper_area_1, sprint2_heavy_combat_area_1,
          sprint2_mutation_trap_area_1, sprint2_forest_area_1,
          sprint2_light_combat_area_1, sprint2_behind_water_1,
          sprint2_near_end_vault_1]

Skill      XL: |  1 |
---------------+----+-----
Armour         | 3 |  3.3
Fighting       | |  3.7
Long Blades    | |  2.7
Dodging        | |  0.1
Shields        | |  2.8

Action                     || total
---------------------------++-------
  Melee: Long sword        ||    26
 Armour: Scale mail        ||    26
  Dodge: Dodged            ||     5
  Block: Buckler           ||     7

Table legend: (Time is in decaauts)
 A = Elapsed time spent in this place.
 B = Non-inter-level travel time spent in this place.
 C = Inter-level travel time spent in this place.
 D = Time resting spent in this place.
 E = Time spent auto-exploring this place.
 F = Levels seen in this place.
 G = Mean time per level.
                   A        B        C        D        E       F      G
               +--------+--------+--------+--------+--------+-----+--------+
         Total |    681 |    681 |      0 |    582 |      0 |   1 |  681.0 |
       Dungeon |    681 |    681 |      0 |    582 |      0 |   1 |  681.0 |
               +--------+--------+--------+--------+--------+-----+--------+

Top non-repeatable levels by time:
       D: 681 daAuts
